 Dungeon Crawl Stone Soup version 0.30.1-4-g462c640d31 (webtiles) character file.

Game seed: 3540660232562793665

70587 Babbit the Severer (level 14, -27/127 (137) HPs)
             Began as a Minotaur Fighter on Sept 10, 2023.
             Was the Champion of Okawaru.
             Killed from afar by an orc sorcerer (30 damage)
             ... with a bolt of negative energy
             ... on level 2 of the Orcish Mines.
             The game lasted 01:58:18 (21441 turns).

Babbit the Severer (Minotaur Fighter)              Turns: 21441, Time: 01:58:20

HP:   -27/127 (137) AC: 14    Str: 27    XL:     14   Next: 94%
MP:   0/12          EV: 14    Int:  5    God:    Okawaru [******]
Gold: 515           SH:  7    Dex:  9    Spells: 13/13 levels left

rFire   . . .        J - +2 war axe of Dishonour {pain, Contam rPois rC+++ Dex+3}
rCold   + + +        E - +1 buckler of Shielding {+Blink Str+3 Dex-2}
rNeg    . . .        K - +3 plate armour {rC+}
rPois   +            t - +2 hat
rElec   .            O - +1 cloak
rCorr   .            q - +1 pair of gloves
SInv    .            y - +1 pair of boots
Will    +....        r - amulet of guardian spirit Stlth
                     g - +5 ring of evasion
HPRegen 0.41/turn    k - +4 ring of protection
MPRegen 0.13/turn

%: guardian spirit
@: corroded, studying Shields, drained
A: horns 2, retaliatory headbutt, clumsy 1, low MP 1, teleportitis 1, weak 1
a: Renounce Religion, Evoke Blink, Heroism, Finesse, Duel


You were on level 2 of the Orcish Mines.
You worshipped Okawaru.
Okawaru was exalted by your worship.
You visited 4 branches of the dungeon, and saw 22 of its levels.
You also visited: Sewer and Bailey.

You collected 2056 gold pieces.
You spent 1541 gold pieces at shops.

Inventory:

Hand Weapons
 a - a +1 war axe of chaos
 J - the +2 war axe of Dishonour (weapon) {pain, Contam rPois rC+++ Dex+3}
   (You found it in a bailey)

   Dex:       It affects your dexterity (+3).
   rC:        It renders you almost immune to cold.
   rPois:     It protects you from poison.
   Contam:    It causes magical contamination when unequipped.
 N - a +3 battleaxe of flaming
Missiles
 x - 2 curare-tipped darts (quivered)
 S - 2 silver boomerangs
Armour
 i - the +3 hat of Salvation {Contam rCorr Int+2}
   (Okawaru gifted it to you on level 2 of the Lair of Beasts)

   Int:       It affects your intelligence (+2).
   Contam:    It causes magical contamination when unequipped.
   rCorr:     It protects you from acid and corrosion.
 q - a +1 pair of gloves (worn)
 t - a +2 hat (worn)
 y - a +1 pair of boots (worn)
 A - a +2 chain mail of willpower
 C - an orb of light
 E - the +1 buckler of Shielding (worn) {+Blink Str+3 Dex-2}
   (You acquired it in a bailey)

   Str:       It affects your strength (+3).
   Dex:       It affects your dexterity (-2).
   +Blink:    It lets you blink.
 K - a +3 plate armour of cold resistance (worn)
 O - a +1 cloak (worn)
Jewellery
 c - a ring of flight
 d - an amulet of magic regeneration
 g - a +5 ring of evasion (left hand)
 k - a +4 ring of protection (right hand)
 r - an amulet of guardian spirit (around neck)
 F - a +5 ring of evasion
 I - a +6 ring of intelligence
Wands
 b - a wand of mindburst (24)
 l - a wand of iceblast (2)
 u - a wand of paralysis (9)
 P - a wand of flame (11)
 Q - a wand of polymorph (1)
Scrolls
 e - 8 scrolls of fog
 n - 5 scrolls of teleportation
 o - 3 scrolls of butterflies
 w - 4 scrolls of fear
 B - 4 scrolls of magic mapping
 R - 2 scrolls of blinking {unknown}
Potions
 f - 4 potions of curing
 h - a potion of ambrosia
 j - 4 potions of flight
 p - 2 potions of heal wounds
 s - 2 potions of magic
 v - 7 potions of brilliance
 z - 5 potions of lignification
 D - 3 potions of berserk rage
 G - 2 potions of cancellation
 H - a potion of invisibility
 L - a potion of might
 M - 2 potions of haste


   Skills:
 + Level 16.1 Fighting
 + Level 20.1 Axes
 + Level 2.2 Throwing
 + Level 16.1 Armour
 + Level 4.7 Dodging
 + Level 3.4 Stealth
 + Level 9.3 Shields
 + Level 1.4 Invocations
 + Level 0.1 Evocations


You had 13 spell levels left.
You didn't know any spells.
Your spell library contained the following spells:

 Spells                   Type           Power      Damage    Failure   Level
 Foxfire                  Conj/Fire      0%         2x1d4     98%         1
 Sandblast                Erth           0%         2d4       98%         1
 Ensorcelled Hibernation  Hex/Ice        0%         N/A       99%         2
 Passwall                 Tmut/Erth      0%         N/A       99%         2
 Static Discharge         Conj/Air       0%         2-2/arc   99%         2
 Stone Arrow              Conj/Erth      0%         3d7       100%        3
 Swiftness                Air            0%         N/A       100%        3
 Fulminant Prism          Conj/Hex       0%         3d5       100%        4
 Passage of Golubria      Tloc           0%         N/A       100%        4
 Fireball                 Conj/Fire      0%         3d3       100%        5
 Silence                  Hex/Air        0%         N/A       100%        5
 Yara's Violent Unravell  Hex/Tmut       0%         3d3       100%        5
 Iron Shot                Conj/Erth      0%         9d1       100%        6
 Plasma Beam              Fire/Air       0%         2x1d11    100%        6
 Starburst                Conj/Fire      0%         6d3       100%        6
 Storm Form               Tmut/Air       0%         N/A       100%        7
 Borgnjor's Revivificati  Necr           0%         N/A       100%        8
 Maxwell's Capacitive Co  Air            0%         ∞         100%        8
 Necromutation            Tmut/Necr      0%         N/A       100%        8
 Death's Door             Necr           0%         N/A       100%        9
 Tukima's Dance           Hex            Unusable   N/A       N/A         3
 Summon Lightning Spire   Summ/Air       Unusable   N/A       N/A         4

Dungeon Overview and Level Annotations

Branches:
Dungeon (14/15)            Temple (1/1) D:7            Lair (5/5) D:10
 Shoals (0/4) Lair:2        Snake (0/4) Lair:2        Slime (0/5) Lair:4
    Orc (2/2) D:10         Vaults (0/5) D:14          Sewer (visited)
 Bailey (visited)
    Elf: Orc:2

Altars:
Ashenzari
Cheibriados
Dithmenos
Elyvilon
Fedhas
Gozag
Hepliaklqana
Kikubaaqudgha
Makhleb
Nemelex Xobeh
Okawaru
Qazlal
Ru
Sif Muna
Trog
Uskayaw
Vehumet
Wu Jian
Xom
Yredelemnul
Zin
The Shining One

Shops:
D:1 [   D:5 [   D:7 ::[*[   D:12 *   Orc:1 [

Portals:
Trove: D:10 (give +6 demon blade)

Annotations:
D:10 1 transporter
Temple 2 transporters


Innate Abilities, Weirdness & Mutations

You have a pair of horns on your head.
You reflexively headbutt those who attack you in melee.
You are clumsy. (Dex -2)
Your magical capacity is low. (-10% MP)
You are occasionally teleported next to monsters.
You are weak. (Str -2)


Message History

You feel like a meek peon again.
You hear a shout! x2
You block the orc high priest's attack.
The orc warrior hits you from afar with a +0 glaive!
You slash the rust devil!
The rust devil is severely wounded.
You slash the sixfirhy!
The sixfirhy is moderately wounded.
The orc high priest barely misses you.
You slash the sixfirhy!
You headbutt the sixfirhy, but do no damage.
The sixfirhy is heavily wounded.
The orc high priest hits you from afar with a +0 glaive!
An orc warrior comes into view.
It is wielding a +0 dire flail and wearing a +2 plate armour of positive energy.
You hit the sixfirhy but do no damage.
The sixfirhy is heavily wounded.
You closely miss the sixfirhy. Your headbutt misses the sixfirhy.
The sixfirhy is heavily wounded.
The sixfirhy hits you. The sixfirhy shocks you!
You block the sixfirhy's attack. x2; The orc high priest misses you.
You hit the sixfirhy but do no damage. Your headbutt misses the sixfirhy.
The sixfirhy is heavily wounded.
The orc high priest no longer looks unusually strong.
The sixfirhy hits you but does no damage.
The sixfirhy hits you.
* * * LOW HITPOINT WARNING * * *
The sixfirhy shocks you!
* * * LOW HITPOINT WARNING * * *
The sixfirhy hits you.
* * * LOW HITPOINT WARNING * * *
The sixfirhy shocks you!
* * * LOW HITPOINT WARNING * * *
The orc high priest intones a terrible prayer.
The orc high priest hits you from afar with a +0 glaive!
* * * LOW HITPOINT WARNING * * *
The orc sorcerer points at you and mumbles some strange words.
The bolt of negative energy hits the sixfirhy.
The sixfirhy completely resists.
The bolt of negative energy hits you!!
You feel drained.
You die...

...))...### ........#
.......## #. ........#
.......# .. ####........
......##
8##'###+##8.#........
......#
....ooo4....'.8.....#
......#
.....84ooo).'.....##
.<....#
...oo4ooo..)))8....##
).....##
##'###3##8.#.......#
.......# #)@)####......##
)).....## #...# #.......#
.)......###
#...###....#.##
..........##########..#.##
#
.....................####
..............##.##...#
.................###.##
.......#########.# ###
.......# #.#


You could see an orc warlord, an orc high priest, an orange demon (summoned), a
rust devil (summoned), a sixfirhy (summoned), an orc sorcerer (strong), 4 orc
warriors, an orc priest and an orc.

Vanquished Creatures
  Josephine (Lair:4)
  7 hydras
  4 catoblepae
  3 boulder beetles
  4 centaur warriors
  2 tengu warriors (D:14)
  The ghost of Esekla the Thaumaturge, a journeyman DENe of Vehumet (D:11)
  4 two-headed ogres
  10 death yaks
  Amaemon (Lair:1)
  3 skysharks
  An orc knight (Bailey)
  A deep elf zephyrmancer (D:14)
  A necromancer (D:14)
  10 ugly things
  4 orc sorcerers
  3 cyclopes
  4 manticores
  5 elephants (Lair:4)
  A centaur zombie (D:11)
  2 black mambas
  9 cane toads
  An orange demon (Lair:1)
  A gargoyle (D:11)
  2 kobold demonologists
  Psyche (D:10)
  4 rime drakes
  4 komodo dragons
  An efreet (D:13)
  4 merfolk (Lair:2)
  A hornet (D:10)
  5 trolls
  Grinder (D:3)
  5 blink frogs (Lair:3)
  A spectral meliai (D:11)
  7 slime creatures
  3 centaur simulacra
  3 shadows
  60 yaks
  A yak (shapeshifter) (D:13)
  7 wraiths
  4 wyverns
  Grum (D:11)
  A basilisk (Lair:5)
  6 vampire mosquitoes
  A naga (Lair:2)
  5 wargs
  2 acid dragons
  19 water moccasins
  24 orc warriors
  A sky beast (D:8)
  6 black bears
  An ice beast (D:7)
  4 ogres
  8 wolves
  3 phantoms
  8 centaurs
  11 kobold brigands
  A scorpion (D:7)
  A gnoll sergeant (D:10)
  10 bullfrogs
  10 wights
  10 killer bees
  3 electric eels (Bailey)
  4 howler monkeys
  2 hounds
  14 orc priests
  A jelly (D:5)
  4 iguanas
  2 sleepcaps
  Ijyb (D:3)
  Jessica (D:3)
  3 gnoll boudas
  18 orc wizards
  27 gnolls
  12 adders
  2 river rats (Sewer)
  3 shadow imps
  3 white imps
  6 worms
  A dart slug (D:4)
  69 orcs
  9 ball pythons
  10 endoplasms
  7 giant cockroaches
  16 goblins
  15 hobgoblins
  5 jackals
  39 kobolds
  7 quokkas
  7 bats
  A frilled lizard (D:2)
  13 rats
635 creatures vanquished.

Vanquished Creatures (others)
  An orc wizard (Orc:2)
1 creature vanquished.

Grand Total: 636 creatures vanquished

Notes
Turn   | Place    | Note
-------+----------+-------------------------------------------
     0 | D:1      | Babbit the Minotaur Fighter began the quest for the Orb.
     0 | D:1      | Reached XP level 1. HP: 19/19 MP: 0/0
    45 | D:1      | Reached XP level 2. HP: 24/27 MP: 1/1
   124 | D:1      | Found a faded altar of an unknown god.
   313 | D:1      | Reached XP level 3. HP: 33/33 MP: 2/2
   419 | D:1      | Found Yxtashau's Armour Boutique.
   500 | D:2      | Reached skill level 3 in Axes
   931 | D:2      | Reached XP level 4. HP: 41/41 MP: 3/3
  1487 | D:3      | Noticed Ijyb
  1492 | D:3      | Paralysed by Ijyb for 2 turns
  1494 | D:3      | Killed Ijyb
  1530 | D:3      | Reached XP level 5. HP: 40/47 MP: 4/4
  1584 | D:3      | Noticed Grinder
  1594 | D:3      | Killed Grinder
  1595 | D:3      | Reached skill level 5 in Fighting
  1595 | D:3      | Reached skill level 5 in Axes
  1595 | D:3      | Reached skill level 5 in Armour
  1595 | D:3      | Reached skill level 1 in Dodging
  1595 | D:3      | Reached XP level 6. HP: 44/56 MP: 5/5
  1622 | D:3      | Noticed Jessica
  1635 | D:3      | Killed Jessica
  1641 | D:3      | Got Yrien's Secrets of Excruciating Breath
  1741 | D:3      | Reached skill level 6 in Axes
  1763 | D:3      | Found a glowing drain.
  1767 | Sewer    | Entered a sewer
  2052 | Sewer    | Reached XP level 7. HP: 8/61 MP: 6/6
  2532 | Sewer    | Reached skill level 7 in Axes
  2539 | Sewer    | Reached skill level 5 in Shields
  2936 | D:1      | Bought a +0 pair of boots for 54 gold pieces
  3412 | D:1      | Bought a +1 chain mail of willpower for 198 gold pieces
  3857 | D:5      | Entered Level 5 of the Dungeon
  3863 | D:5      | Reached XP level 8. HP: 70/70 MP: 7/7
  3880 | D:5      | Reached skill level 8 in Axes
  4057 | D:5      | Found Wufougeh's Armour Boutique.
  4140 | D:5      | Reached skill level 9 in Axes
  4658 | D:6      | Found a blossoming altar of Fedhas.
  4660 | D:6      | Found a broken altar of Ashenzari.
  4855 | D:6      | Found a hide-covered altar of Uskayaw.
  4865 | D:6      | Reached XP level 9. HP: 50/78 MP: 8/8
  5078 | D:6      | Reached skill level 10 in Axes
  5294 | D:6      | Noticed a troll
  5300 | D:6      | Killed a troll
  5319 | D:6      | Reached skill level 1 in Throwing
  5713 | D:6      | Reached skill level 11 in Axes
  6068 | D:7      | Found Jita's Antique Armour Shop.
  6076 | D:7      | Bought a shiny ring mail for 161 gold pieces
  6124 | D:7      | Found Sutent's General Store.
  6133 | D:7      | Bought a scroll of identify for 26 gold pieces
  6169 | D:7      | Found a staircase to the Ecumenical Temple.
  6303 | Temple   | Entered the Ecumenical Temple
  6303 | Temple   | Found a transporter.
  6303 | Temple   | Found a transporter.
  6305 | Temple   | Found a transporter.
  6305 | Temple   | Found a transporter.
  6338 | Temple   | Became a worshipper of Warmaster Okawaru
  6513 | D:7      | Found Isuemushokk's Book Shop.
  6551 | D:7      | Found Savorphe's Book Boutique.
  6979 | D:7      | Found Zomuisy's Antique Armour Shoppe.
  7326 | D:8      | Reached XP level 10. HP: 88/88 MP: 9/9
  7331 | D:8      | Reached skill level 12 in Axes
  7456 | D:8      | Reached * piety under Okawaru
  8170 | D:9      | Reached skill level 13 in Axes
  8228 | D:9      | Reached ** piety under Okawaru
  8975 | D:10     | Entered Level 10 of the Dungeon
  8975 | D:10     | Found a flagged portal.
  8980 | D:10     | Reached *** piety under Okawaru
  8991 | Bailey   | Entered a bailey
  9021 | Bailey   | Reached skill level 14 in Axes
  9038 | Bailey   | Reached skill level 1 in Stealth
  9057 | Bailey   | Noticed an orc sorcerer
  9061 | Bailey   | Noticed a smoke demon
  9065 | Bailey   | Noticed a sixfirhy
  9065 | Bailey   | Killed an orc sorcerer
  9066 | Bailey   | Reached skill level 10 in Armour
  9145 | Bailey   | Found an iron altar of Okawaru.
  9160 | Bailey   | Reached XP level 11. HP: 70/97 MP: 10/10
  9203 | Bailey   | Identified the +2 war axe of Dishonour {pain, Contam rPois
                  | rC+++ Dex+3}
  9390 | Bailey   | Acquired the +1 buckler of Shielding {+Blink Str+3 Dex-2}
  9492 | Bailey   | Noticed an orc knight
  9504 | Bailey   | Killed an orc knight
  9735 | D:10     | Reached **** piety under Okawaru
  9820 | D:10     | Found a staircase to the Orcish Mines.
  9825 | D:10     | Noticed a two-headed ogre
  9844 | D:10     | Killed a two-headed ogre
  9845 | D:10     | Reached skill level 10 in Fighting
  9861 | D:10     | Identified the +1 falchion "Juriggorch" {holy, rPois Int+5
                  | Dex-3}
  9946 | D:10     | Noticed Psyche
  9954 | D:10     | Killed Psyche
  9955 | D:10     | Reached skill level 15 in Axes
 10034 | D:10     | Found a staircase to the Lair.
 10235 | D:10     | Found a transporter.
 10239 | D:10     | Found a transporter.
 10241 | D:10     | Found a transporter.
 10241 | D:10     | Found a transporter.
 10285 | D:10     | Found a portal to a secret trove of treasure.
 10450 | D:11     | Noticed Grum
 10461 | D:11     | Reached ***** piety under Okawaru
 10466 | D:11     | Killed Grum
 10634 | D:11     | Received a gift from Okawaru
 10635 | D:11     | Reached skill level 16 in Axes
 10734 | Orc:1    | Entered Level 1 of the Orcish Mines
 10754 | D:10     | You fall into a shaft and drop 3 floors!
 10932 | D:13     | Noticed a boulder beetle
 10948 | D:13     | Noticed a centaur warrior
 10953 | D:13     | Killed a boulder beetle
 10965 | D:13     | Killed a centaur warrior
 10966 | D:13     | Reached XP level 12. HP: 41/110 MP: 9/11
 11224 | D:12     | Found Juutekoy's Assorted Antiques.
 11241 | D:12     | Bought a scroll of identify for 62 gold pieces
 11265 | D:11     | Noticed a two-headed ogre
 11274 | D:11     | Killed a two-headed ogre
 11348 | D:11     | Reached skill level 17 in Axes
 11495 | D:11     | Found a runed translucent gate.
 11495 | D:11     | Found a runed translucent gate.
 11495 | D:11     | Found a runed translucent gate.
 11500 | D:11     | Noticed Esekla's ghost (journeyman DENe)
 11514 | D:11     | Killed Esekla's ghost
 11514 | D:11     | Received a gift from Okawaru
 11669 | Lair:1   | Entered Level 1 of the Lair of Beasts
 11703 | Lair:1   | Noticed Amaemon
 11719 | Lair:1   | Killed Amaemon
 12979 | Lair:2   | Found a staircase to the Shoals.
 13145 | Lair:2   | Found a staircase to the Snake Pit.
 13160 | Lair:2   | Identified the +3 hat of Salvation {Contam rCorr Int+2}
                  | (Okawaru gifted it to you on level 2 of the Lair of Beasts)
 13160 | Lair:2   | Received a gift from Okawaru
 13258 | Lair:2   | Reached ****** piety under Okawaru
 13259 | Lair:2   | Reached skill level 18 in Axes
 13645 | Lair:3   | Reached skill level 1 in Invocations
 13646 | Lair:3   | Reached XP level 13. HP: 117/119 MP: 12/12
 14615 | Lair:3   | Gained mutation: You are clumsy. (Dex -2) [mutagenic glow]
 15183 | Lair:4   | Gained mutation: You are weak. (Str -2) [mutagenic glow]
 15354 | Lair:4   | Noticed Josephine
 15362 | Lair:4   | Killed Josephine
 15367 | Lair:4   | Received a gift from Okawaru
 15367 | Lair:4   | Found the +3 hat of Pondering {ponderous, Will+ MP+10
                  | Int+5}
 15396 | Lair:4   | Found a staircase to the Slime Pits.
 15859 | Lair:5   | Entered Level 5 of the Lair of Beasts
 16755 | Lair:5   | Reached skill level 19 in Axes
 16867 | Lair:5   | Reached XP level 14. HP: 99/133 MP: 8/13
 16876 | Lair:5   | Reached skill level 15 in Armour
 16884 | Lair:5   | Identified the +1 war axe "Ruizae" {venom, *Rage rN+ Int+2
                  | Dex+3} (Okawaru gifted it to you on level 5 of the Lair of
                  | Beasts)
 16884 | Lair:5   | Received a gift from Okawaru
 17353 | Lair:5   | Reached skill level 15 in Fighting
 18396 | D:12     | Found a stormy altar of Qazlal.
 18492 | D:12     | Received a gift from Okawaru
 18638 | D:7      | Bought a manual of Shields for 1040 gold pieces
 19539 | D:13     | Gained mutation: Your magical capacity is low. (-10% MP)
                  | [mutagenic glow]
 19546 | D:13     | Received a gift from Okawaru
 19851 | D:14     | Identified the +4 leather armour of the Volcano {+Blink
                  | rElec Str-3}
 20332 | D:14     | Found a gate to the Vaults.
 20498 | D:14     | Gained mutation: You are occasionally teleported next to
                  | monsters. [mutagenic glow]
 20812 | D:14     | Identified the +1 hat of Ummezit {Dex+3} (Okawaru gifted it
                  | to you on level 14 of the Dungeon)
 20812 | D:14     | Received a gift from Okawaru
 21073 | Orc:1    | Found Qogocodd's Antique Armour Shoppe.
 21182 | Orc:2    | Entered Level 2 of the Orcish Mines
 21216 | Orc:2    | Reached skill level 20 in Axes
 21418 | Orc:2    | Noticed an orc warlord
 21441 | Orc:2    | HP: 3/134 [orc high priest/+0 glaive (10)]
 21441 | Orc:2    | Killed from afar by an orc sorcerer

Illustrated notes

Levels and vault maps discovered:
D:1:      dpeg_arrival_simpleton_c, layout_rooms,
          dreamdust_ecumenical_altar_statues, serial_shops,
          nicolae_shop_waterfront, moated_statue
D:2:      layout_basic, lexackson_kobold_supper
D:3:      layout_rooms, gup_sewer_entry_spiral, uniq_grinder, uniq_jessica,
          uniq_ijyb
D:4:      layout_layer_cave
D:5:      minmay_inner_zag, layout_cave_pools, serial_shops, nicolae_shop_trees
D:6:      layout_layer_cave, mainiacjoe_overflow_catwalk_spiral,
          nicolae_uskayaw_dance_studio
D:7:      layout_layer_cave, minmay_temple_entry_sparse_star, serial_shops,
          shop, shop, kennysheep_mini_moat, nicolae_shop_peninsula, shop
D:8:      layout_basic, minivault_11, kennysheep_generic_room_11
D:9:      layout_long_grid
D:10:     layout_rooms, due_lair_maze_entry_diamond,
          minmay_orc_entry_guard_dogs, enter_bailey_2, enter_trove_6,
          hangedman_decor_push, nicolae_diode_intersection, uniq_psyche
D:11:     layout_cave_pools, gammafunk_ghost_necromancy,
          kennysheep_generic_room_16, uniq_grum
D:12:     layout_basic, serial_shops, shop, kennysheep_minor_cross,
          nicolae_qazlal_scattered_showers
D:13:     layout_roguey
D:14:     layout_loops_ring, david_vaults_1, minmay_tree_intersection
Temple:   hellmonk_temple_divided_pantheon
Lair:1:   layout_cave_pods, lemuel_old_faithful, uniq_amaemon
Lair:2:   layout_concentric_octagons, elwin_shoals_entry_stream,
          guppyfry_snake_entry_island, cheibrodos_lair_reptile_den,
          infiniplex_staircase_pool_2, serial_bayou_shore_b
Lair:3:   layout_hall_layers
Lair:4:   layout_concentric_octagons, slime_entry_1, serial_bayou_pond_a,
          serial_bayou_shore_a, uniq_josephine
Lair:5:   evilmike_catoblepas_cave, layout_hall_layers
Orc:1:    layout_caves, serial_shops, nicolae_shop_stone
Orc:2:    grunt_orc_community_town_hall, layout_caves,
          grunt_orc_community_big_house_2, grunt_orc_community_big_house_2,
          grunt_orc_community_house_1, grunt_orc_community_house_3,
          grunt_orc_community_house_1, grunt_orc_community_house_3

Skill      XL: |  1  2  3  4  5  6  7  8  9 10 11 12 13 14 |
---------------+-------------------------------------------+-----
Shields        | 4 5 7 9 |  9.3
Armour         | 4 5 6 7 9 10 11 13 14 16 | 16.1
Fighting       | 4 5 6 8 9 11 12 14 16 | 16.1
Axes           | 3 5 6 7 9 11 14 16 18 19 20 | 20.1
Dodging        | 1 2 3 4 |  4.7
Throwing       | 1 2 |  2.2
Stealth        | 1 2 3 |  3.4
Invocations    | 1 |  1.4
Evocations     | |  0.1

Action                     |  1- 3 |  4- 6 |  7- 9 | 10-12 | 13-15 || total
---------------------------+-------+-------+-------+-------+-------++-------
  Melee: War axe           |    90 |   163 |   276 |   508 |   699 ||  1736
         Headbutt          |    11 |    30 |    60 |   126 |   185 ||   412
         Battleaxe         |       |       |       |       |    33 ||    33
         Punch             |       |       |       |       |     5 ||     5
  Throw: Dart              |       |       |    10 |     4 |     2 ||    16
 Invoke: Heroism           |       |       |       |     4 |     7 ||    11
  Evoke: Wand              |       |       |       |       |     2 ||     2
    Use: Potion            |       |     2 |       |     4 |     4 ||    10
         Scroll            |       |       |    10 |    18 |     8 ||    36
   Stab: Petrified         |       |       |       |       |     7 ||     7
 Armour: Scale mail        |    19 |       |       |       |       ||    19
         Plate armour      |    17 |    67 |    34 |   193 |   419 ||   730
         Chain mail        |       |       |    86 |    74 |       ||   160
         Skin              |       |       |       |     2 |       ||     2
  Dodge: Dodged            |    49 |    61 |   170 |   346 |   398 ||  1024
  Block: Buckler           |    20 |    18 |    20 |       |   130 ||   188
